Map: Lightshade LE

Players

ByuN - Winner!

  • Race: Terran Terran
  • Spawn Location: 5:00

LiquidMaNa (MaNa)

  • Race: Protoss Protoss
  • Spawn Location: 11:00

Event: StayAtHome Story Cup #3

VOD

Have the link to the VOD?

Description

Time

  • Played on: March 11, 2021, 7:28 a.m.
  • Length: 7:50

All games in this series

Show
View Real Time Build Order
Export as new Build Order

ByuN Terran - Winner!

Build Orders:  

Get SALT Encoding   

  12  0:00  SCV  
  13  0:12  SCV  
  14  0:17  Supply Depot  
  14  0:24  SCV  
  15  0:38  SCV  
  15  0:39  Barracks  
  15  0:42  Refinery  
  16  0:50  SCV  
  17  1:02  SCV  
  18  1:15  SCV  
  19  1:25  Marine  
  19  1:27  Orbital Command  
  20  1:40  Command Center  
  20  1:45  Barracks Tech Lab  
  20  1:52  SCV  
  21  1:55  Supply Depot  
  21  2:04  Marauder  
  21  2:05  Concussive Shells  
  23  2:17  SCV  
  23  2:20  Barracks  
  24  2:26  Marauder  
  24  2:29  SCV  
  27  2:37  Barracks  
  27  2:41  SCV  
  28  2:46  Marine  
  28  2:48  Stimpack  
  29  2:52  Orbital Command  
  29  2:56  SCV  
  30  3:04  Marine  
  31  3:07  Refinery, Barracks Reactor  
  31  3:08  SCV  
  32  3:17  Engineering Bay  
  32  3:20  SCV  
  32  3:21  SCV  
  34  3:29  Barracks Reactor, Marine  
  34  3:33  SCV x2  
  36  3:41  Bunker  
  36  3:43  Terran Infantry Weapons Level 1  
  36  3:45  SCV x2  
  36  3:46  Marine x2  
  40  3:54  Marine  
  40  3:55  Supply Depot  
  41  3:57  SCV x2  
  41  4:01  Factory  
  43  4:04  Supply Depot  
  43  4:05  Marine  
  43  4:09  SCV  
  46  4:10  SCV  
  46  4:13  Missile Turret  
  46  4:19  Marine x2  
  46  4:20  Marine  
  46  4:21  Marine  
  46  4:23  SCV x2, Marine  
  53  4:27  Supply Depot  
  53  4:32  Refinery  
  53  4:35  SCV x2  
  55  4:39  Missile Turret  
  54  4:47  SCV x2  
  54  4:50  Starport, Factory Reactor  
  56  4:55  Marine x4  
  56  4:59  Supply Depot  
  60  5:01  SCV x2  
  60  5:05  Marauder  
  64  5:09  Combat Shield  
  64  5:13  SCV  
  64  5:14  SCV  
  66  5:18  Refinery  
  66  5:21  Marine x4  
  67  5:25  Supply Depot  
  70  5:32  SCV x2  
  73  5:35  Marauder  
  73  5:36  Factory Reactor, Medivac  
  73  5:37  Medivac  
  77  5:43  Supply Depot  
  77  5:44  Marine  
  77  5:46  Marine x3  
  77  5:49  Terran Infantry Armor Level 1  
  81  5:52  Supply Depot  
  81  5:56  SCV x2  
  83  6:02  Marauder, Marine  
  86  6:05  Marine x3  
  89  6:15  Supply Depot  
  89  6:19  Widow Mine  
  89  6:23  Marauder, Command Center  
  93  6:26  Medivac x2  
  93  6:28  Marine x2  
  93  6:29  Marine  
  93  6:32  Marine  
  98  6:48  Marauder  
  98  6:49  Marine x3  
  98  6:50  Marine  
  98  6:52  SCV x2  
  98  6:53  Supply Depot  
  106  6:58  Supply Depot  
  106  7:00  Barracks  
  106  7:02  Barracks  
  106  7:04  SCV x2  
  108  7:09  Marine x2  
  108  7:15  Marauder, Marine x2  
  114  7:17  Supply Depot  
  114  7:18  SCV  
  114  7:21  Widow Mine x2  
  119  7:29  SCV  
  114  7:30  SCV  
Show
View Real Time Build Order
Export as new Build Order

LiquidMaNa Protoss 

Build Orders: 1 Gate Expand, Blink Stalkers, Zealot Archon, Dark Templar Rush 

Get SALT Encoding   

  12  0:00  Probe  
  13  0:12  Probe  
  14  0:17  Pylon  
  14  0:24  Probe (Chrono Boost)  
  15  0:36  Gateway  
  15  0:37  Probe (Chrono Boost)  
  16  0:45  Probe (Chrono Boost)  
  16  0:46  Assimilator  
  17  0:51  Probe  
  18  1:03  Probe  
  19  1:23  Cybernetics Core  
  19  1:28  Nexus  
  19  1:31  Probe  
  20  1:38  Pylon  
  20  1:43  Probe  
  21  1:49  Assimilator  
  21  1:55  Probe  
  21  1:56  Adept (Chrono Boost)  
  21  2:00  Warp Gate  
  24  2:07  Probe  
  25  2:19  Probe (Chrono Boost), Stalker  
  28  2:27  Twilight Council  
  28  2:29  Probe (Chrono Boost)  
  29  2:34  Probe (Chrono Boost)  
  30  2:40  Probe  
  31  2:44  Robotics Facility  
  31  2:45  Probe  
  32  2:52  Probe  
  32  2:56  Shield Battery  
  33  2:59  Probe  
  33  3:05  Probe  
  35  3:09  Gateway  
  35  3:14  Dark Shrine  
  35  3:16  Probe  
  35  3:18  Probe  
  37  3:29  Probe, Warp Prism (Chrono Boost)  
  40  3:34  Probe  
  40  3:39  Assimilator  
  40  3:41  Probe  
  42  3:43  Pylon  
  42  3:46  Probe  
  43  3:51  Blink  
  43  3:53  Probe  
  44  3:56  Pylon  
  44  3:59  Assimilator  
  44  4:03  Probe  
  44  4:05  Probe  
  46  4:12  Pylon  
  46  4:15  Probe  
  47  4:17  Probe  
  48  4:26  Dark Templar x2  
  48  4:27  Probe  
  48  4:29  Probe  
  54  4:33  Pylon  
  54  4:35  Observer  
  55  4:39  Probe  
  55  4:41  Probe  
  57  4:46  Nexus  
  57  4:55  Probe x2  
  57  4:58  Archon  
  57  4:59  Sentry x2  
  63  5:01  Immortal (Chrono Boost)  
  67  5:07  Probe  
  67  5:08  Shield Battery  
  67  5:09  Probe  
  69  5:17  Forge  
  69  5:19  Gateway  
  69  5:22  Sentry  
  69  5:23  Sentry  
  69  5:25  Probe  
  75  5:36  Immortal (Chrono Boost)  
  75  5:38  Pylon  
  78  5:43  Gateway  
  78  5:46  Gateway  
  78  5:56  Probe  
  79  5:59  Charge  
  79  6:01  Stalker  
  79  6:02  Stalker  
  79  6:03  Probe x2  
  85  6:10  Shield Battery  
  84  6:13  Probe, Pylon  
  84  6:15  Probe  
  84  6:17  Probe  
  87  6:25  Robotics Bay  
  85  6:27  Robotics Facility  
  85  6:32  Observer, Probe x2  
  88  6:33  Probe  
  88  6:35  Dark Templar  
  91  6:43  Dark Templar  
  91  6:44  Zealot x2  
  97  6:52  Probe x2  
  99  6:58  Zealot  
  101  7:06  Zealot x2  
  101  7:08  Gateway  
  104  7:18  Shield Battery  
  104  7:28  Pylon  
  100  7:30  Stalker x4  
Tags
 
Add a new tag
Caveats
  • Supply blocks, unpowered buildings, or Contaminate may cause inaccurate times.
  • Supply counts are checked every 10 seconds.